 Dungeon Crawl Stone Soup version 0.28.0-49-g6dfe1f597d (webtiles) character file.

Game seed: 16057607041157084025

390 Peloso the Slasher (level 6, 0/56 HPs)
             Began as a Minotaur Fighter on May 19, 2022.
             Succumbed to a gnoll's poison
             ... on level 5 of the Dungeon.
             The game lasted 00:05:54 (2534 turns).

Peloso the Slasher (Minotaur Fighter)               Turns: 2534, Time: 00:05:54

Health: 0/56       AC: 13    Str: 21    XL:     6   Next: 50%
Magic:  5/5        EV:  6    Int:  5    God:
Gold:   160        SH:  9    Dex: 11    Spells: 5/5 levels left

rFire   . . .      SeeInvis .   a - +0 long sword
rCold   + . .      Faith    .   d - +0 kite shield
rNeg    . . .      Spirit   .   f - +0 chain mail
rPois   .          Reflect  .   (helmet restricted)
rElec   .          Harm     .   o - +1 cloak
rCorr   .          Rampage  .   i - +0 pair of gloves
Will    .....                   (no boots)
Stlth   ..........              j - amulet of regeneration
HPRegen 0.98/turn               q - ring of protection from cold
MPRegen 0.09/turn               (no ring)

@: brilliant, lethally poisoned (0 -> -5), on berserk cooldown, slowed,
invisible, very slow
A: horns 2, retaliatory headbutt
a: no special abilities


You were on level 5 of the Dungeon.
You visited 1 branch of the dungeon, and saw 5 of its levels.

You collected 160 gold pieces.

Inventory:

Hand Weapons
 a - a +0 long sword (weapon)
Armour
 b - a +0 scale mail
 c - a +0 buckler
 d - a +0 kite shield (worn)
 f - a +0 chain mail (worn)
 i - a +0 pair of gloves (worn)
 o - a +1 cloak (worn)
Jewellery
 j - an amulet of regeneration (around neck)
 p - an amulet of guardian spirit
 q - a ring of protection from cold (left hand)
 r - a ring of flight
Scrolls
 g - a scroll of noise {unknown}
 h - 2 scrolls of immolation {unknown}
 k - 3 scrolls of identify {unknown}
 m - a scroll of torment {unknown}
 n - a scroll of teleportation {unknown}
 u - a scroll of fear {unknown}
Potions
 e - a potion of might


   Skills:
 + Level 5.2 Fighting
 + Level 5.3 Long Blades
 + Level 5.1 Armour
 + Level 0.7 Dodging
 + Level 0.5 Stealth
 + Level 5.0 Shields


You had 5 spell levels left.
You didn't know any spells.
Your spell library contained the following spells:

 Spells                   Type           Power      Damage    Failure   Level
 Magic Dart               Conj           0%         1d3       100%        1
 Blink                    Tloc           0%         N/A       100%        2
 Searing Ray              Conj           0%         2d4       100%        2
 Summon Guardian Golem    Hex/Summ       0%         N/A       100%        3
 Fulminant Prism          Conj/Hex       0%         3d6       100%        4
 Blade Hands              Tmut           0%         N/A       100%        5
 Irradiate                Conj/Tmut      0%         3d14      100%        5
 Manifold Assault         Tloc           0%         N/A       100%        5
 Dragon Form              Tmut           0%         N/A       100%        7
 Orb of Destruction       Conj           0%         9d5       100%        7
 Spellforged Servitor     Conj/Summ      0%         N/A       100%        7
 Storm Form               Tmut/Air       0%         N/A       100%        7


Dungeon Overview and Level Annotations

Branches:
Dungeon (5/15)
 Temple: D:4-7

Altars:


Innate Abilities, Weirdness & Mutations

You have a pair of horns on your head.
You reflexively headbutt those who attack you in melee.


Message History

You feel sick.
You feel sick. The gnoll barely misses you.
You feel sick.
You feel sick.
The gnoll hits you from afar with a +2 spear of venom.
* * * LOW HITPOINT WARNING * * *
You are more poisoned.
You feel better. The gnoll hits you but does no damage.
You are poisoned.
The gnoll hits you but does no damage.
You are lethally poisoned!
* * * LOW HITPOINT WARNING * * *
You feel very sick.
* * * LOW HITPOINT WARNING * * *
You feel very sick. The gnoll completely misses you.
It was a potion of berserk rage.
A red film seems to cover your vision as you go berserk!
You feel yourself moving faster!
You feel mighty!
You feel very sick. You block the gnoll's attack.
You are too berserk!
Unknown command.
You feel a strong urge to attack something.
You feel sick.
You feel sick.
You feel your anger nearly subside.
You feel sick.
You are no longer berserk.
You are exhausted.
You feel yourself slow down.
You feel sick.
You feel sick.
The gnoll is no longer moving quickly.
The gnoll hits you but does no damage. You block the gnoll's attack.
It was a potion of brilliance.
You feel clever all of a sudden.
You feel sick. The gnoll hits you but does no damage.
You are lethally poisoned!
It was a potion of invisibility.
You fade into invisibility!
You die...

#.####..#.#.#.#
#.............#
#.####..#.#.#.#
##.####..#......
#g.......# ...
#g........
#g######## #.# #@#
######.######
#...........#####..#
#.####.###...<.....#
#.# #..######.# #<#
#..# #.# #..# ..#
#..# ### #..#


You could see 3 gnolls.

Vanquished Creatures
  A hound (D:5)
  A bullfrog skeleton (D:5)
  A gnoll shaman (D:5)
  2 orc priests (D:5)
  An iguana (D:5)
  2 orc wizards
  Robin (D:3)
  4 gnolls (D:3)
  2 adders (D:3)
  4 dart slugs
  8 orcs
  2 ball pythons
  2 bats
  9 endoplasms
  7 giant cockroaches
  15 goblins
  7 hobgoblins
  3 jackals (D:3)
  2 quokkas (D:2)
  6 frilled lizards
  5 kobolds
  A rat (D:1)
86 creatures vanquished.

Notes
Turn   | Place    | Note
-------+----------+-------------------------------------------
     0 | D:1      | Peloso the Minotaur Fighter began the quest for the Orb.
     0 | D:1      | Reached XP level 1. HP: 19/19 MP: 0/0
   275 | D:1      | Reached XP level 2. HP: 27/27 MP: 1/1
   779 | D:2      | Found a faded altar of an unknown god.
   830 | D:2      | Identified the +1 robe of Ludok Hyopt {-Cast Rampage
                  | Will++}
   993 | D:2      | Reached XP level 3. HP: 33/33 MP: 2/2
  1601 | D:3      | Reached XP level 4. HP: 40/41 MP: 3/3
  1813 | D:3      | Noticed Robin
  1821 | D:3      | Killed Robin
  2167 | D:3      | Reached XP level 5. HP: 38/47 MP: 4/4
  2313 | D:4      | Noticed an ogre
  2379 | D:5      | Entered Level 5 of the Dungeon
  2412 | D:5      | Reached skill level 5 in Fighting
  2422 | D:5      | Reached XP level 6. HP: 45/56 MP: 5/5
  2431 | D:5      | Reached skill level 5 in Long Blades
  2443 | D:5      | Reached skill level 5 in Armour
  2509 | D:5      | Reached skill level 5 in Shields
  2533 | D:5      | HP: 2/56 [poisoned by a gnoll]
  2534 | D:5      | Succumbed to a gnoll's poison

Illustrated notes

Levels and vault maps discovered:
D:1:      minmay_arrival_glassed_features, layout_loops_ring
D:2:      layout_loops_cross, ebering_ecumenical_altar_sacrificial
D:3:      kennysheep_goblin_castle, layout_loops_cross, amethyst_killhole
D:4:      layout_rooms, kennysheep_opposing_triangles
D:5:      layout_loops_ring, solitary_fountain, minmay_lizard_king, uniq_ijyb

Skill      XL: |  1  2  3  4  5  6 |
---------------+-------------------+-----
Armour         | 4 5 |  5.1
Shields        | 4 5 |  5.0
Fighting       | 4 5 |  5.2
Long Blades    | 3 4 5 |  5.3
Dodging        | |  0.7
Stealth        | |  0.5

Action                   |  1- 3 |  4- 6 || total
-------------------------+-------+-------++-------
Melee: Long sword        |    80 |   138 ||   218
       Headbutt          |    11 |    26 ||    37
  Use: Potion            |       |     4 ||     4
Armor: Scale mail        |     1 |       ||     1
       Chain mail        |    33 |   115 ||   148
Dodge: Dodged            |    24 |    48 ||    72
Block: Kite shield       |    24 |    87 ||   111
       Buckler           |     2 |       ||     2
